Map: 16-Bit LE

Players

Drak - Winner!

  • Race: Zerg Zerg
  • League: Master
  • Spawn Location: 1:00

Cellsidus

  • Race: Zerg Zerg
  • League: Master
  • Spawn Location: 7:00

VOD

Have the link to the VOD?

Description

Time

  • Played on: June 30, 2018, 6:52 a.m.
  • Length: 10:55
Show
View Real Time Build Order
Export as new Build Order

Drak Zerg - Winner!

Build Orders: Hatch First 

Get SALT Encoding   

  12  0:01  Drone  
  13  0:08  Drone  
  14  0:18  Overlord  
  14  0:24  Extractor  
  14  0:25  Drone  
  15  0:37  Drone x2  
  17  0:55  Hatchery  
  16  0:59  Drone  
  16  1:02  Drone  
  18  1:12  Extractor  
  18  1:17  Spawning Pool  
  16  1:19  Drone  
  16  1:22  Drone  
  18  1:30  Drone  
  19  1:39  Overlord  
  19  2:03  Queen  
  19  2:05  Zergling x2  
  19  2:06  Queen  
  24  2:12  Metabolic Boost  
  24  2:15  Drone x3  
  26  2:17  Drone  
  28  2:24  Drone  
  28  2:28  Drone  
  30  2:35  Baneling Nest, Drone  
  30  2:49  Drone  
  31  2:55  Hatchery  
  30  2:58  Drone  
  30  2:59  Drone  
  30  3:04  Overlord  
  32  3:10  Zergling x2  
  32  3:11  Zergling x2  
  34  3:17  Evolution Chamber  
  34  3:18  Zergling x6  
  35  3:33  Baneling x2  
  35  3:34  Drone x2  
  35  3:35  Drone x4  
  41  3:46  Zerg Ground Armor Level 1  
  41  3:48  Drone, Extractor  
  41  3:49  Extractor  
  41  3:52  Zergling x4  
  42  3:57  Baneling  
  42  3:58  Zergling x4  
  44  4:06  Baneling  
  44  4:07  Spine Crawler  
  44  4:09  Zergling x6  
  46  4:15  Evolution Chamber  
  45  4:18  Evolution Chamber  
  45  4:24  Evolution Chamber  
  43  4:27  Baneling  
  43  4:33  Spine Crawler  
  43  4:36  Drone x6  
  48  4:51  Queen  
  50  4:55  Baneling x2  
  50  4:57  Overlord x2  
  50  5:02  Overlord  
  50  5:11  Overlord x2  
  50  5:17  Drone x3  
  50  5:20  Roach Warren  
  52  5:25  Drone  
  52  5:26  Drone x3  
  55  5:33  Drone x4  
  58  5:39  Drone x3  
  61  5:48  Zerg Missile Weapons Level 1  
  61  5:54  Drone x4  
  61  5:55  Drone x4  
  69  6:03  Lair  
  69  6:05  Extractor  
  69  6:08  Drone x2  
  70  6:12  Extractor x2  
  68  6:20  Roach x2  
  68  6:21  Roach x3  
  77  6:36  Roach  
  77  6:37  Roach x4  
  77  6:38  Roach  
  83  6:43  Roach x3  
  88  6:47  Drone  
  88  6:48  Overlord x2  
  89  6:56  Overlord x2  
  89  7:06  Overlord x2  
  89  7:07  Overlord  
  89  7:08  Glial Reconstitution, Roach x4  
  97  7:15  Roach x3  
  93  7:31  Roach x6  
  93  7:32  Roach x2  
  99  7:40  Drone x4  
  99  7:41  Drone  
  92  7:57  Roach x4  
  92  7:58  Roach  
  98  8:02  Queen  
  98  8:04  Extractor  
  99  8:06  Hatchery  
  99  8:09  Extractor  
  91  8:18  Roach x3  
  91  8:19  Roach x5  
  91  8:28  Roach  
  91  8:29  Roach  
  91  8:30  Zerg Missile Weapons Level 2  
  91  8:32  Roach x3  
  91  8:33  Roach  
  91  8:34  Overseer, Roach  
  103  8:39  Roach x3  
  111  8:41  Roach  
  111  8:45  Roach  
  111  8:48  Hydralisk Den  
  108  8:56  Roach x3  
  108  8:57  Roach x2  
  108  9:01  Ravager  
  109  9:10  Roach x4  
  109  9:11  Roach x3  
  109  9:21  Roach x2  
  109  9:22  Roach  
  113  9:30  Roach x2  
  117  9:33  Roach x2  
  117  9:34  Roach  
  117  9:36  Hatchery  
  118  9:54  Roach  
  118  9:55  Roach x7  
  118  10:10  Roach x3  
  118  10:11  Roach x5  
  132  10:15  Hydralisk  
  134  10:23  Roach x2  
  134  10:25  Roach  
  134  10:26  Roach x2  
  144  10:32  Roach  
Show
View Real Time Build Order
Export as new Build Order

Cellsidus Zerg 

Build Orders: Hatch First 

Get SALT Encoding   

  12  0:00  Drone  
  13  0:13  Overlord  
  13  0:18  Drone  
  14  0:31  Drone x2  
  14  0:35  Drone  
  17  0:53  Hatchery  
  17  0:56  Drone  
  17  1:00  Drone  
  18  1:10  Extractor  
  17  1:15  Spawning Pool  
  16  1:18  Drone  
  16  1:21  Drone  
  18  1:29  Drone  
  19  1:40  Overlord  
  19  1:53  Drone  
  20  2:02  Zergling x2  
  20  2:05  Queen x2  
  20  2:06  Zergling x2  
  26  2:10  Metabolic Boost  
  26  2:13  Drone  
  27  2:17  Drone  
  28  2:23  Drone  
  29  2:30  Drone  
  29  2:36  Drone  
  31  2:47  Hatchery  
  31  2:49  Zergling x4  
  31  2:50  Zergling x2  
  33  2:59  Zergling x4  
  35  3:06  Zergling x2  
  35  3:10  Overlord  
  36  3:31  Zergling x2  
  36  3:32  Zergling x10  
  42  3:36  Zergling x2  
  42  3:41  Overlord  
  43  3:48  Baneling Nest, Drone x2  
  44  3:51  Overlord  
  44  4:09  Queen  
  45  4:13  Drone x3  
  45  4:14  Drone x3, Extractor  
  45  4:15  Drone, Roach Warren  
  45  4:16  Drone  
  51  4:19  Drone  
  51  4:20  Drone x2  
  53  4:38  Extractor  
  53  4:40  Drone  
  53  4:41  Drone x4  
  53  4:42  Drone x2, Extractor  
  58  4:51  Drone x3  
  61  4:59  Lair  
  61  5:00  Evolution Chamber  
  61  5:01  Drone x2  
  61  5:03  Drone  
  63  5:13  Overlord x2  
  63  5:17  Roach  
  62  5:28  Zerg Missile Weapons Level 1  
  62  5:31  Roach x5  
  68  5:37  Roach x3  
  73  5:44  Roach x2  
  76  5:51  Roach x3  
  76  5:55  Overlord  
  80  5:58  Glial Reconstitution  
  80  6:00  Roach  
  80  6:05  Overlord  
  80  6:06  Overlord  
  80  6:12  Roach  
  80  6:15  Roach x2  
  80  6:17  Roach  
  88  6:21  Roach  
  88  6:24  Roach  
  88  6:25  Roach  
  94  6:32  Roach x3  
  100  6:34  Roach  
  102  6:46  Overlord  
  102  6:47  Overlord  
  102  6:55  Hatchery  
  102  6:57  Overlord x2  
  101  7:08  Roach x4  
  109  7:16  Roach x3  
  111  7:25  Roach x3  
  105  7:34  Zerg Missile Weapons Level 2  
  95  7:43  Roach x5  
  99  7:45  Roach  
  99  7:46  Roach  
  99  7:50  Roach x3  
  97  7:54  Roach  
  97  7:55  Roach  
  99  7:59  Ravager x2  
  99  8:02  Roach x2  
  103  8:08  Ravager  
  103  8:09  Ravager x3  
  103  8:11  Roach x3  
  105  8:16  Roach  
  105  8:17  Roach  
  100  8:21  Ravager  
  100  8:23  Ravager  
  100  8:25  Roach  
  104  8:30  Roach x4  
  112  8:35  Roach  
  114  8:44  Roach x3  
  118  8:53  Roach x3  
  118  8:58  Roach x2  
  97  9:17  Roach x5  
  97  9:18  Roach x2  
  97  9:22  Roach  
  97  9:23  Roach  
  97  9:24  Roach  
  105  9:28  Roach x2  
  106  9:32  Roach x2  
  106  9:35  Ravager x3  
  106  9:36  Ravager  
  111  9:39  Roach  
  111  9:45  Roach x3  
  100  9:53  Roach x3  
  96  10:00  Roach x3  
  96  10:06  Roach x2  
  84  10:09  Roach  
  84  10:11  Roach  
  83  10:16  Roach x2  
  83  10:17  Ravager  
  83  10:18  Ravager x2  
  90  10:23  Roach  
  90  10:32  Roach x2  
Tags
 
Add a new tag
Caveats
  • Supply blocks, unpowered buildings, or Contaminate may cause inaccurate times.
  • Supply counts are checked every 10 seconds.